 Dungeon Crawl Stone Soup version 0.17-a0-1778-gd369669 (webtiles) character file.

95593 shakdrar the Blocker (level 15, -2/117 HPs)
             Began as a Demonspawn Fighter on Sept 7, 2015.
             Was the Champion of Okawaru.
             Slain by a salamander
             ... wielding a +1 trident
              (5 damage)
             ... on level 2 of the Snake Pit on Sept 8, 2015.
             The game lasted 02:52:36 (27187 turns).

shakdrar the Blocker (Demonspawn Fighter)          Turns: 27187, Time: 02:52:37

Health: -2/117     AC: 30    Str: 21    XL:     15   Next: 66%
Magic:  7/7        EV:  4    Int: 12    God:    Okawaru [******]
Gold:   2473       SH:  8    Dex: 12    Spells: 0 memorised, 14 levels left

rFire  + . .     SeeInvis .     F - +12 long sword of Yrucim {antimagic, rElec}
rCold  + . .     Clarity  .     V - +2 plate armour {rPois}
rNeg   . . .     SustAt   .     e - +1 buckler {reflect}
rPois  +         Gourm    .     b - +2 hat
rElec  +         Spirit   .     t - +1 cloak {rPois}
rCorr  +         Warding  .     R - +2 pair of gloves {archery}
rMut   .         Stasis   .     (no boots)
MR     ++...                    h - amulet of regeneration
Stlth  ..........               o - +3 ring of slaying
                                M - ring of protection from magic

@: resistant, constricted, very resistant to hostile enchantments, extremely
unstealthy
A: talons 2, yellow scales 3, demonic guardian 2, foul stench 1, rot immunity
a: Heroism, Finesse, Renounce Religion


You were on level 2 of the Snake Pit.
You worshipped Okawaru.
Okawaru was exalted by your worship.
You were not hungry.

You visited 5 branches of the dungeon, and saw 28 of its levels.
You also visited: Ossuary and Ice Cave.

You collected 2893 gold pieces.
You spent 420 gold pieces at shops.

Inventory:

Hand weapons
 a - a +2 long sword
 C - a +4 long sword of freezing
 F - the +12 long sword of Yrucim (weapon) {antimagic, rElec}
   (You acquired it on level 9 of the Dungeon)

   It disrupts the flow of magical energy around spellcasters and certain
   magical creatures (including the wielder).
   It insulates you from electricity.
 I - a +2 great sword of draining
 N - a +2 falchion of flaming
 O - a +3 triple sword of freezing
 W - the +4 falchion of Starshine {drain, rPois rF+}
   (Okawaru gifted it to you on level 13 of the Dungeon)

   A truly terrible weapon, it drains the life of those it strikes.
   It protects you from fire.
   It protects you from poison.
Missiles
 n - 4 tomahawks of returning (quivered)
Armour
 b - a +2 hat (worn)
 c - a +1 shield
 e - a +1 buckler of reflection (worn)
 t - a +1 cloak of poison resistance (worn)
 Q - a +3 chain mail of fire resistance
 R - a +2 pair of gloves of archery (worn)
 V - a +2 plate armour of poison resistance (worn)
Rods
 U - a +0 rod of shadows (14/14)
   (You found it on level 4 of the Lair of Beasts)
Jewellery
 h - an amulet of regeneration (around neck)
 i - an uncursed ring of sustain attributes
 j - an uncursed ring of protection from cold
 o - a +3 ring of slaying (right hand)
 u - an uncursed ring of positive energy
 M - a ring of protection from magic (left hand)
 X - an uncursed ring of see invisible
Magical devices
 l - a wand of teleportation (5)
 E - a wand of flame (19)
 G - a wand of draining (8)
 J - a wand of cold (3)
 L - a wand of polymorph (6)
Scrolls
 f - a scroll of identify
 m - 5 scrolls of fog
 r - 4 scrolls of enchant armour
 y - 9 scrolls of remove curse
 z - 2 scrolls of enchant weapon
 A - 6 scrolls of recharging
 Z - 2 scrolls of teleportation
Potions
 d - 3 potions of agility
 p - 3 potions of might
 q - 5 potions of flight
 v - 4 potions of curing
 w - 3 potions of invisibility
 B - a potion of cancellation
 D - 3 potions of haste
 H - a potion of cure mutation
Miscellaneous
 g - a box of beasts {used: 1}
 x - a sack of spiders {used: 2}
 S - a stone of tremors
Comestibles
 k - 4 meat rations
 K - 5 bread rations


   Skills:
 - Level 10.4 Fighting
 - Level 10.7 Long Blades
 + Level 13.5 Armour
 + Level 14.4 Shields
 - Level 7.1 Invocations
 - Level 10.0 Evocations


You had 14 spell levels left.
You didn't know any spells.

Dungeon Overview and Level Annotations

Branches:
Dungeon (13/15)            Temple (1/1) D:4            Lair (8/8) D:9
 Shoals (0/4) Lair:5        Snake (2/4) Lair:6        Slime (0/6) Lair:7
    Orc (4/4) D:12            Elf (0/3) Orc:3        Vaults (0/5) D:13

Altars:
Cheibriados
Dithmenos
Elyvilon
Fedhas
Gozag
Nemelex Xobeh
Okawaru
Qazlal
Ru
Sif Muna
Trog
Vehumet
Xom
The Shining One
Beogh
Jiyva

Shops:
D:6 (   D:11 %*   Orc:1 [   Orc:3 }   Orc:4 =*[(   Snake:1 :


Innate Abilities, Weirdness & Mutations

You have razor-sharp toenails.
You are completely covered in yellow scales (AC +4, rCorr).
A demonic guardian rushes to your aid.
You may emit foul miasma when damaged in melee.
You are immune to rotting.


Message History

* * * LOW HITPOINT WARNING * * *
You emit a cloud of foul miasma!
The shock serpent shoots out a bolt of lightning at you!
The bolt of electricity hits you! You resist.
* * * LOW HITPOINT WARNING * * *
The naga hits you with an enchanted trident.
* * * LOW HITPOINT WARNING * * *
The naga grabs you.
* * * LOW HITPOINT WARNING * * *
The naga constricts you.
Drink which item? (? for menu, Esc to quit)
You feel protected.
Your sixfirhy barely misses the shock serpent.
The black mamba is engulfed in dark miasma.
The black mamba barely misses you.
The shock serpent bites you but does no damage.
The salamander hits you from afar with an enchanted trident.
* * * LOW HITPOINT WARNING * * *
You are engulfed in flames.
You resist.
You die...

N.# ....##>.##.#8(.##
.... #.$.......<##./.##
..... .#.......#.##[.8#
#....# .##.......#.##..'
.#....##..###..[..#..##8#
.....#... ##...#...#.####
........###.).###...#.#..
#...)S...### ##.#.#.#.
###...4@....##....##..!#
#.....S#N.......###..##.
#....#N.#.....####..####
# ###.#....##..##.#...#.#
##.
####......#####..#..##
#... N...###.##.#
##..#### .#..N#


NN.. ... # #.(.# .N....##..## .... ##.### .........# .... #.## You could see a
salamander, a shock serpent, a black mamba, a naga and a friendly sixfirhy.

Vanquished Creatures
  Gastronok (D:12)
  A tengu reaver (D:12)
  An orc warlord (Orc:4)
  An ettin (D:12)
  A vault guard (D:13)
  Erolcha (D:8)
  A naga warrior (Snake:1)
  2 centaur warriors
  A catoblepas (D:13)
  3 hydras
  3 anacondas (Snake:1)
  2 orc high priests (Orc:4)
  4 death yaks (Lair:7)
  Urug (Lair:1)
  4 naga sharpshooters (Snake:1)
  Nergalle (Orc:2)
  A salamander mystic (Snake:2)
  4 hill giants
  3 naga ritualists
  2 unseen horrors (D:12)
  2 ice statues (IceCv)
  A sea snake (Snake:1)
  4 orc knights
  Pikel (D:7)
  A necromancer (IceCv)
  7 mana vipers
  6 salamanders
  A guardian serpent (Snake:1)
  A cyclops (D:13)
  A griffon (Lair:7)
  An elephant (D:9)
  Maurice (D:12)
  Joseph (D:9)
  13 black mambas
  A gargoyle (D:13)
  Psyche (D:8)
  2 naga magi
  4 komodo dragons
  13 spiny frogs
  A spiny frog (shapeshifter) (D:13)
  2 fire drakes
  2 trolls
  5 blue devils (IceCv)
  2 giant leeches (Lair:8)
  2 polar bears (Lair:3)
  20 blink frogs
  Prince Ribbit (D:7)
  2 two-headed ogres
  2 shadows (D:13)
  The ghost of wvc the Magician, an average HEWz of Cheibriados (Ossuary)
  2 trapdoor spiders (D:10)
  A deep elf mage (D:10)
  A tarantella (shapeshifter) (D:8)
  A steam dragon (D:9)
  52 yaks
  A basilisk (Lair:1)
  3 wraiths (D:13)
  9 vampire mosquitoes
  16 wolves
  8 hippogriffs
  A golden eye (shapeshifter) (D:13)
  A mottled dragon (D:13)
  14 nagas
  A soldier ant (D:10)
  2 eyes of draining
  8 water moccasins
  2 black bears (Lair:3)
  24 orc warriors
  14 porcupines
  3 phantoms
  15 ice beasts
  8 ogres
  A sky beast (D:10)
  16 crocodiles
  9 centaurs
  24 giant frogs
  3 big kobolds (D:11)
  A wyvern skeleton (D:13)
  A water moccasin skeleton (D:7)
  2 scorpions
  14 killer bees
  3 wights (D:8)
  3 draconian simulacra (IceCv)
  7 crimson imps
  A quasit (D:12)
  5 electric eels
  4 hounds
  4 bog bodies (Ossuary)
  4 centaur zombies
  4 centaur skeletons
  5 giant frog zombies
  32 orc wizards
  18 orc priests
  5 jellies
  4 worker ants
  10 iguanas
  3 troll simulacra (IceCv)
  A spriggan simulacrum (IceCv)
  25 sheep
  A killer bee zombie (Ossuary)
  A centaur simulacrum (IceCv)
  A hound skeleton (D:7)
  3 hound zombies (Ossuary)
  5 mummies (Ossuary)
  4 worker ant zombies (Ossuary)
  2 gnolls (D:4)
  10 adders
  A naga simulacrum (IceCv)
  56 river rats
  A shadow imp (D:10)
  An ogre simulacrum (IceCv)
  2 oozes (D:2)
  4 adder zombies
  3 worms
  3 adder skeletons
  4 giant geckos
  135 orcs
  3 ball pythons
  7 bats
  11 giant cockroaches
  11 goblins
  5 hobgoblins
  10 jackals
  6 quokkas
  2 giant gecko zombies
  3 giant newts
  3 jackal zombies
  15 kobolds
  2 quokka zombies (Ossuary)
  8 rats
859 creatures vanquished.

Vanquished Creatures (collateral kills)
  Nessos (Lair:8)
  Snorg (Lair:6)
  4 hydras
  An anaconda (Snake:2)
  A death yak (Lair:8)
  2 orc high priests (Orc:4)
  A naga ritualist (Snake:1)
  3 orc sorcerers (Orc:4)
  4 oklob plants (Lair:8)
  8 black mambas
  A naga mage (Snake:2)
  A spiny frog (Lair:8)
  A centaur skeleton (D:10)
  A komodo dragon (Lair:4)
  A blue devil (IceCv)
  2 trolls (D:13)
  2 polar bears (Lair:3)
  A snapping turtle (Lair:5)
  14 blink frogs
  8 yaks
  3 vampire mosquitoes (Lair:8)
  A wraith (D:13)
  8 wolves
  A hippogriff (Lair:8)
  A water moccasin (Lair:7)
  4 nagas
  5 orc warriors (Orc:4)
  An ice beast (D:5)
  A centaur (D:13)
  2 crocodiles (Lair:2)
  7 giant frogs
  A crimson imp (D:5)
  A bog body (Ossuary)
  An electric eel (Lair:8)
  3 orc wizards (Orc:4)
  2 orc priests (Orc:4)
  An iguana (Lair:4)
  A sheep (Lair:1)
  3 mummies (Ossuary)
  A worker ant zombie (Ossuary)
  A giant gecko (D:6)
  8 orcs
  A giant cockroach (D:5)
  A jackal (D:6)
  A fungus (Lair:8)
118 creatures vanquished.

Vanquished Creatures (others)
  Josephine (D:13)
  An orc warrior (Orc:4)
  2 slaves (D:7)
  An orc wizard (Orc:4)
  27 fungi
  5 plants
37 creatures vanquished.

Grand Total: 1014 creatures vanquished

Notes
Turn   | Place    | Note
--------------------------------------------------------------
     0 | D:1      | shakdrar the Demonspawn Fighter began the quest for the Orb.
     0 | D:1      | Reached XP level 1. HP: 18/18 MP: 1/1
   137 | D:1      | Gained mutation: A weak demonic guardian rushes to your aid. [demonic ancestry]
   137 | D:1      | Reached XP level 2. HP: 21/24 MP: 2/2
   274 | D:1      | Gained mutation: You have large cloven feet. [potion of beneficial mutation]
   532 | D:1      | Reached XP level 3. HP: 16/29 MP: 3/3
  1415 | D:2      | Reached XP level 4. HP: 10/35 MP: 4/4
  1788 | D:2      | Found a glowing golden altar of the Shining One.
  3311 | D:4      | Reached XP level 5. HP: 40/42 MP: 5/5
  3519 | D:4      | Found a blossoming altar of Fedhas.
  4138 | D:4      | Found a staircase to the Ecumenical Temple.
  4142 | Temple   | Entered the Ecumenical Temple
  4367 | Temple   | Became a worshipper of Warmaster Okawaru
  4717 | D:5      | Entered Level 5 of the Dungeon
  4730 | D:5      | Reached skill level 4 in Armour
  4806 | D:5      | Reached XP level 6. HP: 46/48 MP: 6/6
  4834 | D:5      | Noticed a phantom
  4889 | D:5      | Killed a phantom
  4981 | D:5      | Acquired Okawaru's first power
  5053 | D:5      | Noticed a centaur
  5056 | D:5      | Noticed a centaur
  5059 | D:5      | Killed a centaur
  5059 | D:5      | Reached skill level 5 in Armour
  5059 | D:5      | Gained mutation: You are immune to rotting. [demonic ancestry]
  5059 | D:5      | Reached XP level 7. HP: 54/54 MP: 7/7
  5064 | D:5      | Killed a centaur
  5275 | D:5      | Noticed an ice beast
  5283 | D:5      | Killed an ice beast
  5340 | D:5      | Reached skill level 5 in Shields
  5629 | D:6      | Gained mutation: You are partially covered in yellow scales (AC +2). [demonic ancestry]
  5629 | D:6      | Reached XP level 8. HP: 45/61 MP: 8/8
  5703 | D:6      | Reached skill level 5 in Fighting
  5841 | D:6      | Found Iryixt's Weapon Emporium.
  5861 | D:6      | Reached skill level 6 in Armour
  6108 | D:7      | Found a sand-covered staircase.
  6115 | D:7      | Noticed Prince Ribbit
  6117 | Ossuary  | Entered an ossuary
  6117 | Ossuary  | Noticed wvc's ghost (average HEWz)
  6131 | Ossuary  | Killed wvc's ghost
  6328 | Ossuary  | Reached skill level 5 in Long Blades
  6466 | Ossuary  | Lost mutation: You have large cloven feet. [demonic ancestry]
  6466 | Ossuary  | Gained mutation: You have sharp toenails. [demonic ancestry]
  6466 | Ossuary  | Reached XP level 9. HP: 57/69 MP: 9/9
  6551 | D:7      | Killed Prince Ribbit
  7025 | D:7      | Noticed Pikel
  7045 | D:7      | Killed Pikel
  7086 | D:7      | Reached skill level 7 in Shields
  7606 | D:7      | Acquired Okawaru's second power
  7983 | D:8      | Received a gift from Okawaru
  8022 | D:8      | Gained mutation: You are mostly covered in yellow scales (AC +3). [demonic ancestry]
  8022 | D:8      | Reached XP level 10. HP: 46/79 MP: 10/10
  8258 | D:8      | Noticed Erolcha
  8284 | D:8      | Killed Erolcha
  8284 | D:8      | Reached skill level 8 in Shields
  8352 | D:8      | Noticed Psyche
  8367 | D:8      | Killed Psyche
  9015 | D:9      | Found a staircase to the Lair.
  9016 | D:9      | Noticed an elephant
  9037 | D:9      | Killed an elephant
  9125 | D:9      | Noticed Joseph
  9140 | D:9      | Killed Joseph
  9265 | D:9      | Found a shimmering altar of Xom.
  9336 | D:9      | Identified a scroll of acquirement
  9337 | D:9      | Got a jewelled long sword
  9338 | D:9      | Identified the +12 long sword of Yrucim {antimagic, rElec} (You acquired it on level 9 of the Dungeon)
  9404 | D:10     | Entered Level 10 of the Dungeon
  9545 | D:10     | Noticed a hill giant
  9556 | D:10     | Killed a hill giant
  9556 | D:10     | Gained mutation: You are completely covered in yellow scales (AC +4, rCorr). [demonic ancestry]
  9556 | D:10     | Reached XP level 11. HP: 55/87 MP: 3/11
 10662 | D:11     | Reached skill level 9 in Armour
 10716 | D:11     | Noticed a three-headed hydra
 10900 | Lair:1   | Entered Level 1 of the Lair of Beasts
 11097 | Lair:1   | Noticed Urug
 11108 | Lair:1   | Received a gift from Okawaru
 11124 | Lair:1   | Killed Urug
 11124 | Lair:1   | Reached skill level 10 in Armour
 11327 | Lair:1   | Reached skill level 1 in Invocations
 11327 | Lair:1   | Reached skill level 1 in Evocations
 11481 | Lair:1   | Noticed a four-headed hydra
 11496 | Lair:1   | Killed a six-headed hydra
 11865 | Lair:2   | Noticed a six-headed hydra
 11880 | Lair:2   | Received a gift from Okawaru
 12123 | Lair:2   | Gained mutation: A demonic guardian rushes to your aid. [demonic ancestry]
 12123 | Lair:2   | Reached XP level 12. HP: 74/94 MP: 5/15
 12125 | Lair:2   | Reached skill level 5 in Invocations
 12377 | Lair:2   | Killed a six-headed hydra
 12472 | Lair:2   | Reached skill level 5 in Evocations
 12981 | Lair:3   | Received a gift from Okawaru
 14118 | Lair:4   | Identified a +0 rod of shadows (14/14) (You found it on level 4 of the Lair of Beasts)
 14739 | Lair:5   | Found a staircase to the Shoals.
 15320 | Lair:5   | Reached skill level 10 in Evocations
 15747 | Lair:6   | Found a staircase to the Snake Pit.
 15823 | Lair:6   | Reached XP level 13. HP: 91/99 MP: 6/20
 16371 | Lair:6   | Noticed Snorg
 16376 | Lair:6   | Killed Snorg
 16589 | Lair:7   | Found a staircase to the Slime Pits.
 16589 | Lair:7   | Found a viscous altar of Jiyva.
 16635 | Lair:7   | Received a gift from Okawaru
 17029 | Lair:7   | Received a gift from Okawaru
 17099 | Lair:7   | Reached skill level 10 in Shields
 17394 | Lair:7   | Got a smoking scale mail
 17395 | Lair:7   | Identified the cursed +0 scale mail of the Mackerel {rPois rF+} (You found it on level 7 of the Lair of Beasts)
 17614 | Lair:8   | Entered Level 8 of the Lair of Beasts
 17703 | Lair:8   | Reached skill level 11 in Armour
 17885 | Lair:8   | Reached skill level 10 in Fighting
 17892 | Lair:8   | Reached skill level 10 in Long Blades
 18149 | Lair:8   | Noticed Nessos
 18166 | Lair:8   | Killed Nessos
 18468 | Lair:8   | Received a gift from Okawaru
 18620 | Lair:8   | Gained mutation: You may emit foul miasma when damaged in melee. [demonic ancestry]
 18620 | Lair:8   | Reached XP level 14. HP: 108/110 MP: 7/21
 19204 | D:11     | Got a fine jade ring
 19205 | D:11     | Identified the ring of Foehipnyts {EV+1 Str+4} (You found it on level 11 of the Dungeon)
 19215 | D:11     | Found Ceon's Assorted Antiques.
 19267 | D:11     | Found Beicoell's Food Emporium.
 19276 | D:11     | Bought a meat ration for 60 gold pieces
 19276 | D:11     | Bought a bread ration for 60 gold pieces
 19276 | D:11     | Bought a bread ration for 60 gold pieces
 19276 | D:11     | Bought a meat ration for 60 gold pieces
 19276 | D:11     | Bought a bread ration for 60 gold pieces
 19276 | D:11     | Bought a bread ration for 60 gold pieces
 19276 | D:11     | Bought a meat ration for 60 gold pieces
 19531 | D:11     | Killed a three-headed hydra
 19679 | D:12     | Noticed a tengu reaver
 19701 | D:12     | Killed a tengu reaver
 19893 | D:12     | Received a gift from Okawaru
 19909 | D:12     | Found a staircase to the Orcish Mines.
 19941 | D:12     | Reached skill level 12 in Armour
 19959 | D:12     | Found an opulent altar of Gozag.
 20055 | D:12     | Noticed Gastronok
 20072 | D:12     | Killed Gastronok
 20133 | D:12     | Noticed Maurice
 20153 | D:12     | Killed Maurice
 20626 | D:13     | Noticed Josephine
 20633 | D:13     | Killed Josephine
 20804 | D:13     | Upgraded the game from 0.17-a0-1769-g54adf96 to 0.17-a0-1778-gd369669
 20930 | D:13     | Received a gift from Okawaru
 20931 | D:13     | Got a blackened falchion {god gift}
 20932 | D:13     | Identified the +4 falchion of Starshine {drain, rPois rF+} (Okawaru gifted it to you on level 13 of the Dungeon)
 21051 | D:13     | Found a gate to the Vaults.
 21169 | Orc:1    | Entered Level 1 of the Orcish Mines
 21325 | Orc:2    | Noticed Nergalle
 21335 | Orc:2    | Killed Nergalle
 22260 | Orc:1    | Found a roughly hewn altar of Beogh.
 22404 | Orc:1    | Found Jeymiphe's Armour Emporium.
 22722 | Orc:3    | Found a frozen archway.
 22787 | IceCv    | Entered an ice cave
 23523 | Orc:3    | Found Mourikh's Gadget Shoppe.
 23612 | Orc:3    | Found a staircase to the Elven Halls.
 23904 | Orc:4    | Entered Level 4 of the Orcish Mines
 24042 | Orc:4    | Found a roughly hewn altar of Beogh.
 24446 | Orc:4    | Noticed an orc warlord
 24452 | Orc:4    | Received a gift from Okawaru
 24759 | Orc:4    | Killed an orc warlord
 24759 | Orc:4    | Gained mutation: You have razor-sharp toenails. [demonic ancestry]
 24759 | Orc:4    | Reached XP level 15. HP: 98/117 MP: 2/22
 25025 | Orc:4    | Reached skill level 13 in Shields
 25243 | Orc:4    | Found Waryluav's General Store.
 25244 | Orc:4    | Found Cawn's Jewellery Shoppe.
 25246 | Orc:4    | Found Waprigiu's Antique Armour Shoppe.
 25246 | Orc:4    | Found Puutoeh's Antique Weapon Emporium.
 25834 | Snake:1  | Entered Level 1 of the Snake Pit
 25971 | Snake:1  | Received a gift from Okawaru
 26212 | Snake:1  | Found Houralon's Book Boutique.
 26246 | Snake:1  | Received a gift from Okawaru
 26496 | Snake:1  | Reached skill level 14 in Shields
 27186 | Snake:2  | HP: 5/117 [naga/enchanted trident (2)]
 27187 | Snake:2  | Slain by a salamander

Vault maps used:
D:1:      onia_arrival_larder, minmay_misc_feat_hallway
D:2:      overflow_temple_1_default, first_bread
D:3:      st_stairs_10
D:4:      minmay_temple_entry_trees, fedhas_altar_3
D:5:      nicolae_overflow_hidden_temple, kennysheep_big_empty_room
D:6:      serial_shops, nicolae_shop_statue_plus
D:7:      nicolae_ossuary_entry_monument, uniq_pikel, uniq_prince_ribbit1
D:8:      uniq_psyche, uniq_erolcha
D:9:      xom_butterflies, david_lair_generic, uniq_joseph
D:11:     serial_shops, nicolae_shop_trees, shop, hangedman_ranch, minivault_27
D:12:     minmay_diamond_stairs, grunt_gozag_breadcrumbs, uniq_maurice,
          uniq_gastronok
D:13:     david_vaults_5, minmay_misc_feat_diagonals, uniq_josephine
Temple:   oiseaux_autumnal_temple_12
Lair:1:   serial_bayou, serial_bayou_lake_a, serial_bayou_ford_a,
          serial_bayou_pond_b, serial_bayou_pond_d, uniq_urug
Lair:2:   grunt_megastairs_3
Lair:3:   beast_lair_carwin_large_2
Lair:5:   minmay_shoals_entry_hut
Lair:6:   minmay_snake_entry_guardpost_small, minivault_23,
          eino_small_chamber_without_monster, uniq_snorg
Lair:7:   slime_altar_1
Lair:8:   minmay_lair_end_frog_pond, dpeg_oklob_1, uniq_nessos
Snake:1:  serial_shops, shop, serial_bayou_shore_a
Snake:2:  serial_bayou_pond_b, grunt_ministairs_8
Orc:1:    basic_altar, serial_shops, shop
Orc:2:    guppyfry_library_mini, uniq_nergalle
Orc:3:    serial_shops, shop_coins, portal_ice_cave_entry_ice_beasts,
          nicolae_orc_pool_cavern
Orc:4:    st_orc_congregation, basic_altar
Ossuary:  ossuary_zaba_flooded
IceCv:    ice_cave_tombish

Action                   |  1- 3 |  4- 6 |  7- 9 | 10-12 | 13-15 || total
-------------------------+-------+-------+-------+-------+-------++-------
Melee: Long sword        |   171 |   261 |   547 |   799 |  1121 ||  2899
       Great sword       |       |       |       |    73 |       ||    73
       Falchion          |       |       |       |       |   701 ||   701
Invok: Heroism           |       |     1 |       |     1 |     5 ||     7
       Finesse           |       |       |       |       |     2 ||     2
Evoke: Wand              |       |       |       |     2 |    11 ||    13
       Sack of spiders   |       |       |       |     2 |       ||     2
       Box of beasts     |       |       |       |       |     1 ||     1
  Use: Scroll            |     2 |     7 |     8 |    13 |    29 ||    59
       Potion            |     2 |     4 |     3 |     1 |    12 ||    22
 Stab: Distracted        |       |     1 |     2 |     8 |       ||    11
  Eat: Chunk             |     2 |     3 |       |     2 |     1 ||     8
       Meat ration       |       |     1 |     1 |     3 |     3 ||     8
       Pizza             |       |     1 |       |     6 |     5 ||    12
       Bread ration      |       |     1 |     1 |     2 |     5 ||     9
       Beef jerky        |       |       |     2 |       |     2 ||     4
       Royal jelly       |       |       |       |       |     1 ||     1
